 Dungeon Crawl Stone Soup version 0.29.1-4-g47bece8355 (webtiles) character file.

Game seed: 18315096892139622560

44866 unlimited1921 the Eclecticist (level 14, -2/127 HPs)
             Began as a Djinni Fire Elementalist on Dec 1, 2022.
             Was a Believer of the Shining One (penitent).
             Incinerated by a smoke demon (6 damage)
             ... with a sticky flame
             ... on level 5 of the Lair of Beasts on Dec 2, 2022.
             The game lasted 03:16:48 (34395 turns).

unlimited1921 the Eclecticist (DjFE)               Turns: 34395, Time: 03:16:49

Health: -2/127     AC: 27    Str:  7    XL:     14   Next: 68%
Gold:   1143       EV:  2    Int: 29    God:    the Shining One [**....] SH:  0 Dex: 19

rFire   . . .      SeeInvis .   Q - +0 arbalest (flame)
rCold   . . .      Faith    .   (shield currently unavailable)
rNeg    + . .      Spirit   .   (body armour currently unavailable)
rPois   ∞          Reflect  +   (helmet currently unavailable)
rElec   .          Harm     .   (cloak currently unavailable)
rCorr   .          Rampage  .   (gloves currently unavailable)
Will    +....      NoTele   +   (boots unavailable)
Stlth   +.........              e - amulet of reflection
HPRegen 0.31/turn               D - +6 ring of dexterity
MPRegen 0.00/turn               v - +6 ring of intelligence

@: confused, on fire, tree-form, ambrosia-drunk, glowing
A: stationary, stasis, torment immunity, boosted hp, sickness immunity, (fire
resistance 2), (cold vulnerability 1), float, innate caster, HP casting, extra
vitality 1
a: Renounce Religion


You were on level 5 of the Lair of Beasts.
You worshipped the Shining One.
The Shining One was demanding penance.
You were a tree.
You visited 6 branches of the dungeon, and saw 21 of its levels.

You collected 2082 gold pieces.
You spent 939 gold pieces at shops.

Inventory:

Hand Weapons
 a - a +2 vorpal war axe
 d - the +6 dagger "Sukhlinasm" {speed, rF+ rC+ Str+3 Int-2}
   (You found it on level 2 of the Dungeon)

   Attacks with this weapon are significantly faster.
   Str:       It affects your strength (+3).
   Int:       It affects your intelligence (-2).
   rF:        It protects you from fire.
   rC:        It protects you from cold.
 k - the +7 great mace "Undeadhunter" {disrupt, rN+}
   (You found it on level 3 of the Lair of Beasts)

   It inflicts significantly more damage against the undead.
   rN:        It protects you from negative energy.
 G - a +2 short sword of freezing
 O - a +2 broad axe of flaming
 P - a +2 hand axe of electrocution
 Q - a +0 arbalest of flaming (weapon)
 R - a +1 trident of venom
Missiles
 f - a silver boomerang
Armour
 i - a +0 helmet (melded)
 l - the +2 ratskin cloak (melded) {*Rats rPois rN+ Str-1 Int-1 Dex+1}
   (You found it on level 8 of the Dungeon)

   When the wearer is hurt, rats may emerge from it to assist them.
   Str:       It affects your strength (-1).
   Int:       It affects your intelligence (-1).
   Dex:       It affects your dexterity (+1).
   rPois:     It protects you from poison.
   rN:        It protects you from negative energy.
 x - a +2 robe of willpower
 B - the +4 ring mail of the Vaults (melded) {rF+ Stlth+}
   (You found it on level 4 of the Lair of Beasts)

   rF:        It protects you from fire.
   Stlth:     It makes you more stealthy.
 M - the +0 ring mail of Dookucs {Slay+3}
   (You bought it in a shop on level 9 of the Dungeon)

   Slay:      It affects your accuracy & damage with ranged weapons and melee
   (+3).
 W - a +2 pair of gloves of stealth (melded)
 X - +0 acid dragon scales
Jewellery
 e - an amulet of reflection (around neck)
 v - a +6 ring of intelligence (right branch)
 D - a +6 ring of dexterity (left branch)
 S - a ring of protection from cold
Wands
 r - a wand of flame (10)
 w - a wand of roots (23)
 F - a wand of charming (9) (quivered)
 I - a wand of polymorph (4)
 K - a wand of mindburst (14)
 L - a wand of light (13)
 T - a wand of digging (14)
Scrolls
 b - a scroll of silence
 j - 2 scrolls of magic mapping
 m - 2 scrolls of immolation
 n - 5 scrolls of teleportation
 o - 4 scrolls of poison {unknown}
 p - a scroll of brand weapon
 q - a scroll of blinking
 s - 3 scrolls of vulnerability {unknown}
 t - 4 scrolls of butterflies
 y - 2 scrolls of enchant weapon {unknown}
 A - 2 scrolls of fear
 J - a scroll of enchant armour {unknown}
Potions
 c - 3 potions of brilliance
 g - a potion of haste
 h - 3 potions of cancellation
 u - 2 potions of berserk rage
 z - 2 potions of mutation
 C - 2 potions of ambrosia
 E - 2 potions of attraction
 H - 2 potions of curing
Miscellaneous
 V - a box of beasts


   Skills:
 + Level 2.7 Fighting
 + Level 2.0 Ranged Weapons
 + Level 5.8 Armour
 + Level 4.2 Dodging
 + Level 4.1 Stealth
 + Level 1.6 Shields
 + Level 17.4 Spellcasting
 * Level 8.9 Invocations
 + Level 1.4 Evocations


You had 16 spell levels left.
You knew the following spells:

 Your Spells              Type           Power      Damage    Failure   Level
a - Foxfire               Conj/Fire      100%       2x1d9     0%          1
b - Scorch                Fire           100%       2d10      0%          2
c - Conjure Flame         Conj/Fire      90%        6-21      0%          3
d - Inner Flame           Hex/Fire       90%        N/A       0%          3
e - Flame Wave            Conj/Fire      90%        2d19      0%          4
f - Beastly Appendage     Tmut           100%       N/A       0%          1
g - Poisonous Vapours     Pois/Air       100%       N/A       0%          2
h - Wereblood             Tmut           90%        N/A       0%          2
i - Cause Fear            Hex            45%        N/A       0%          4
j - Sticky Flame          Conj/Fire      90%        2d10      0%          4
k - Yara's Violent Unrav  Hex/Tmut       45%        3d18      1%          5
Your spell library was empty.

Dungeon Overview and Level Annotations

Branches:
Dungeon (11/15)            Temple (1/1) D:4            Lair (5/5) D:8
 Shoals (1/4) Lair:2       Spider (0/4) Lair:2        Slime (0/5) Lair:4
    Orc (2/2) D:9             Elf (1/3) Orc:2

Altars:
Ashenzari
Cheibriados
Dithmenos
Elyvilon
Fedhas
Gozag
Hepliaklqana
Makhleb
Nemelex Xobeh
Okawaru
Qazlal
Ru
Trog
Uskayaw
Wu Jian
Xom
Yredelemnul
Zin
The Shining One

Shops:
D:5 [   D:9 [   Orc:1 [   Orc:2 ([!?

Annotations:
Shoals:1 exclusion: orange crystal statue


Innate Abilities, Weirdness & Mutations

You are a tree.
Your roots penetrate the ground, keeping you stationary.
You cannot be teleported.
You are immune to unholy pain and torment.
Your maximum health is greatly increased.
Your equipment is partially melded.
You are immune to sickness and miasma.
You are immune to poison.
((Your flesh is very heat resistant. (rF++)))
((You are vulnerable to cold. (rC-)))
You float through the air rather than walking.
You learn spells naturally, not from books.
Your magical power is your life essence.
You have superior vitality. (+4 MHP)


Message History

The blink frog blinks!
The forest fire spreads!
Casting: Flame Wave (safe; 0% risk of failure)
Confirm with . or Enter, or press ? or * to list all spells.
Flames lash the blink frog.
Flame seeps out of the blink frog.
Your attack snaps the blink frog out of its fear.
The blink frog is almost dead.
The blink frog's fire resistance burns away.
* * * LOW HITPOINT WARNING * * *
A dream sheep comes into view.
The blink frog is engulfed in blazing flames.
The blink frog explodes!
The blink frog blinks!
You hear a trumpeting!
You hear a deafening roar!
You hear a bellow!
You hear a deafening roar!
You hear a bellow!
Aiming: Charm
Press: ? - help, Q - select action, (/) - cycle Shift-Dir - straight line, f/p - smoke demon
Aim: a smoke demon (heavily wounded, fleeing, chance to affect: 20%)
Your attack snaps the smoke demon out of its fear.
The smoke demon resists with almost no effort.
Aiming: Charm
Press: ? - help, Q - select action, (/) - cycle Shift-Dir - straight line, f/p - smoke demon
Aim: a smoke demon (moderately wounded, chance to affect: 20%)
The smoke demon resists with almost no effort.
You are engulfed in blazing flames.
* * * LOW HITPOINT WARNING * * *
The smoke demon gestures at you. Something smites you!
* * * LOW HITPOINT WARNING * * *
You feel better.
You are engulfed in blazing flames.
* * * LOW HITPOINT WARNING * * *
The smoke demon gestures at you. The sticky flame hits you.
You are covered in liquid flames!
* * * LOW HITPOINT WARNING * * *
Okay, then.
You are confused.
You feel invigorated.
You are engulfed in blazing flames.
* * * LOW HITPOINT WARNING * * *
You are covered in liquid flames!
You die...

#...♣♣♣♣.♣♣♣♣..♣.......###
#...♣♣♣..♣♣♣♣.♣.♣.......#
.....♣♣...♣♣...♣♣...#...#
....................#..##
...............♣♣....#..#
.............°°♣♣♣.....##
.............°§♣♣♣Y..P.#
.............°§§§Y.§§..#
#............3§§♣§§.§.##
##.....#.......†...§§##
##...#..............#
#########.P.#P.###.#
######## ###


You could see an elephant, a smoke demon and a dream sheep.

Vanquished Creatures
  4 ogre magi
  12 two-headed ogres (Orc:2)
  An orc high priest (Orc:2)
  Amaemon (Lair:1)
  A deep elf pyromancer (D:11)
  An orc knight (Orc:1)
  An ugly thing (D:11)
  A manticore (D:11)
  2 wolf spiders (Lair:1)
  2 black mambas (Lair:1)
  Maggie (Lair:1)
  An orange demon (Lair:1)
  A smoke demon (Lair:5)
  2 rime drakes
  5 cane toads
  6 komodo dragons
  A kobold demonologist (D:11)
  2 hornets
  4 trolls
  A polar bear (Lair:5)
  29 blink frogs
  8 dream sheep
  A tyrant leech (Lair:3)
  Sigmund (D:4)
  3 small abominations (Lair:5)
  A wraith (D:11)
  3 culicivoras (Lair:2)
  5 wyverns
  A shadow (D:10)
  2 basilisks (Lair:5)
  28 yaks
  A large abomination (Lair:5)
  4 wargs
  9 water moccasins
  An acid dragon (D:11)
  3 swamp worms (Lair:3)
  21 orc warriors
  2 black bears
  25 ogres
  3 ice beasts
  11 wolves
  6 centaurs
  A phantom (D:5)
  A kobold brigand (D:6)
  Blork the orc (D:4)
  5 bullfrogs
  3 necrophages
  A scorpion (D:5)
  4 killer bees (D:9)
  5 howler monkeys
  16 electric eels
  11 hounds
  7 jellies
  11 orc priests
  A gnoll bouda (D:5)
  An iguana (D:5)
  9 hell rats (D:8)
  20 orc wizards
  8 adders
  7 gnolls
  13 river rats (D:8)
  A white imp (D:6)
  An ufetubus (D:5)
  A dart slug (D:4)
  53 orcs
  8 ball pythons
  5 bats
  11 endoplasms
  3 giant cockroaches
  7 goblins
  4 hobgoblins
  4 jackals (D:5)
  5 quokkas
  12 kobolds
  4 rats
462 creatures vanquished.

Vanquished Creatures (collateral kills)
  A two-headed ogre (D:11)
  A kobold (D:6)
  A foxfire (Lair:2)
3 creatures vanquished.

Vanquished Creatures (others)
  395 foxfires
  41 fungi
  109 plants
545 creatures vanquished.

Grand Total: 1010 creatures vanquished

Notes
Turn   | Place    | Note
-------+----------+-------------------------------------------
     0 | D:1      | unlimited1921 the Djinni Fire Elementalist began the quest
                  | for the Orb.
     0 | D:1      | unlimited1921 set off with the following spells memorised:
                  | Foxfire, Scorch, Conjure Flame, Inner Flame, Flame Wave.
     0 | D:1      | Reached XP level 1. HP: 15/15 MP: 0/0
   533 | D:1      | Reached XP level 2. HP: 17/21 MP: 0/0
   600 | D:1      | Found a faded altar of an unknown god.
  1470 | D:1      | Reached skill level 3 in Spellcasting
  1480 | D:1      | Reached XP level 3. HP: 20/25 MP: 0/0
  1480 | D:1      | Learned a level 1 spell: Beastly Appendage
  2713 | D:2      | Identified the +6 dagger "Sukhlinasm" {speed, rF+ rC+ Str+3
                  | Int-2}
  3825 | D:3      | Reached XP level 4. HP: 22/31 MP: 0/0
  4919 | D:3      | Found a sparkling altar of Nemelex Xobeh.
  5650 | D:3      | Noticed an ogre
  5654 | D:3      | Killed an ogre
  5655 | D:3      | Reached skill level 4 in Spellcasting
  5655 | D:3      | Reached XP level 5. HP: 27/35 MP: 0/0
  5655 | D:3      | Learned a level 2 spell: Poisonous Vapours
  6058 | D:4      | Reached XP level 6. HP: 34/40 MP: 0/0
  6337 | D:4      | Noticed Sigmund
  6341 | D:4      | Killed Sigmund
  6342 | D:4      | Reached skill level 5 in Spellcasting
  6342 | D:4      | Reached XP level 7. HP: 23/45 MP: 0/0
  6342 | D:4      | Learned a level 2 spell: Wereblood
  6551 | D:4      | Found a staircase to the Ecumenical Temple.
  6563 | Temple   | Entered the Ecumenical Temple
  7175 | Temple   | Became a worshipper of the Shining One
  7575 | D:4      | Noticed Blork the orc
  7989 | D:4      | Killed Blork the orc
  8353 | D:5      | Entered Level 5 of the Dungeon
  8651 | D:5      | Found Pafu's Antique Armour Shoppe.
  8681 | D:5      | Reached skill level 6 in Spellcasting
  8795 | D:5      | Reached XP level 8. HP: 29/50 MP: 0/0
  9270 | D:5      | Noticed a troll
  9305 | D:5      | Killed a troll
  9306 | D:5      | Reached skill level 7 in Spellcasting
  9847 | D:5      | Reached skill level 1 in Fighting
 10126 | D:5      | Identified the +4 flail of Siups {drain, rF+ Will++ Str+3}
 10538 | D:6      | Reached XP level 9. HP: 52/57 MP: 0/0
 10538 | D:6      | Learned a level 4 spell: Cause Fear
 10678 | D:6      | Reached skill level 8 in Spellcasting
 11965 | D:7      | Noticed a hornet
 11970 | D:7      | Killed a hornet
 12164 | D:7      | Reached skill level 9 in Spellcasting
 12825 | D:7      | Identified a scroll of acquirement
 12827 | D:7      | Acquired a manual of Spellcasting
 12879 | D:8      | Found a white marble altar of Elyvilon.
 12880 | D:8      | Found a blossoming altar of Fedhas.
 12880 | D:8      | Found a hide-covered altar of Uskayaw.
 12889 | D:8      | Found a glowing silver altar of Zin.
 12889 | D:8      | Found a shimmering altar of Xom.
 12890 | D:8      | Found a hazy altar of Hepliaklqana.
 12942 | D:8      | Reached * piety under the Shining One
 13160 | D:8      | Reached skill level 10 in Spellcasting
 13160 | D:8      | Reached XP level 10. HP: 31/64 MP: 0/0
 13328 | D:8      | Identified the +3 quarterstaff of Koaph {pain, Dex+5}
 13600 | D:8      | Reached skill level 11 in Spellcasting
 14128 | D:8      | Found a staircase to the Lair.
 14417 | D:8      | Reached ** piety under the Shining One
 14704 | D:8      | Found the +2 ratskin cloak {*Rats rPois rN+ Str-1 Int-1
                  | Dex+1}
 14940 | D:9      | Reached skill level 1 in Invocations
 15336 | D:9      | Reached skill level 12 in Spellcasting
 15531 | D:9      | Found a broken altar of Ashenzari.
 15531 | D:9      | Found a bloodstained altar of Trog.
 15603 | D:9      | Found Jojolas's Armour Emporium.
 15830 | D:9      | Found a staircase to the Orcish Mines.
 15985 | D:10     | Entered Level 10 of the Dungeon
 16552 | D:10     | Reached skill level 13 in Spellcasting
 16748 | D:10     | Found a burning altar of Makhleb.
 17235 | D:9      | Bought a +2 pair of gloves of stealth for 236 gold pieces
 17252 | D:9      | Bought the +0 ring mail of Dookucs {Slay+3} for 259 gold
                  | pieces
 17431 | D:10     | Reached XP level 11. HP: 51/68 MP: 0/0
 17431 | D:10     | Learned a level 4 spell: Sticky Flame
 17707 | Orc:1    | Entered Level 1 of the Orcish Mines
 17708 | Orc:1    | Noticed an orc knight
 17716 | Orc:1    | Killed an orc knight
 18184 | Orc:1    | Found Huacwoj's Armour Emporium.
 18310 | Orc:1    | Reached skill level 1 in Armour
 18634 | Orc:1    | Reached *** piety under the Shining One
 19227 | Orc:2    | Entered Level 2 of the Orcish Mines
 19227 | Orc:2    | Noticed an orc high priest
 19649 | Orc:2    | Killed an orc high priest
 19689 | Orc:2    | Noticed a two-headed ogre
 19697 | Orc:2    | Killed a two-headed ogre
 19698 | Orc:2    | Reached skill level 14 in Spellcasting
 19706 | Orc:2    | Noticed a two-headed ogre
 19707 | Orc:2    | Noticed a two-headed ogre
 19711 | Orc:2    | Killed a two-headed ogre
 19711 | Orc:2    | Noticed a two-headed ogre
 19930 | Orc:2    | Killed a two-headed ogre
 19984 | Orc:2    | Noticed an ogre mage
 19986 | Orc:2    | Noticed a two-headed ogre
 19989 | Orc:2    | Paralysed by an ogre mage for 4 turns
 19992 | Orc:2    | Killed an ogre mage
 19993 | Orc:2    | Reached XP level 12. HP: 56/75 MP: 0/0
 19995 | Orc:2    | Killed a two-headed ogre
 20197 | Orc:2    | Noticed a two-headed ogre
 20202 | Orc:2    | Noticed an ogre mage
 20203 | Orc:2    | Noticed an ogre mage
 20205 | Orc:2    | Killed a two-headed ogre
 20206 | Orc:2    | Reached skill level 5 in Invocations
 20220 | Orc:1    | Killed an ogre mage
 20412 | Orc:2    | Killed an ogre mage
 20433 | Orc:2    | Noticed a two-headed ogre
 20438 | Orc:2    | Killed a two-headed ogre
 20443 | Orc:2    | Noticed a two-headed ogre
 20445 | Orc:2    | Noticed an ogre mage
 20448 | Orc:2    | Killed a two-headed ogre
 20449 | Orc:2    | Reached skill level 15 in Spellcasting
 20842 | Orc:2    | Noticed a two-headed ogre
 20847 | Orc:2    | Killed a two-headed ogre
 21509 | Orc:2    | Killed an ogre mage
 21676 | Orc:2    | Killed a two-headed ogre
 21749 | Orc:2    | Noticed a two-headed ogre
 21753 | Orc:2    | Killed a two-headed ogre
 21825 | Orc:2    | Reached XP level 13. HP: 52/80 MP: 0/0
 21825 | Orc:2    | Learned a level 5 spell: Yara's Violent Unravelling
 21959 | Orc:2    | Reached **** piety under the Shining One
 22066 | Orc:2    | Found Ceps's Magic Scroll Emporium.
 22066 | Orc:2    | Found Jiyqerag's Armour Boutique.
 22067 | Orc:2    | Found Wuwaunyb's Distillery.
 22067 | Orc:2    | Found Zoczang's Weapon Shoppe.
 22134 | Orc:2    | Bought 3 scrolls of identify for 66 gold pieces
 22143 | Orc:2    | Bought a scroll of fear for 44 gold pieces
 22143 | Orc:2    | Bought a scroll of identify for 22 gold pieces
 22143 | Orc:2    | Bought a scroll of identify for 22 gold pieces
 22143 | Orc:2    | Bought a scroll of magic mapping for 82 gold pieces
 22159 | Orc:2    | Bought a potion of curing for 39 gold pieces
 22159 | Orc:2    | Bought a potion of curing for 39 gold pieces
 22159 | Orc:2    | Bought a potion of curing for 39 gold pieces
 22159 | Orc:2    | Bought a potion of brilliance for 52 gold pieces
 22159 | Orc:2    | Bought a potion of curing for 39 gold pieces
 22172 | Orc:2    | Found a staircase to the Elven Halls.
 22890 | Elf:1    | Entered Level 1 of the Elven Halls
 23058 | Lair:1   | Entered Level 1 of the Lair of Beasts
 23622 | Lair:1   | Reached skill level 16 in Spellcasting
 23704 | Lair:1   | Found an opulent altar of Gozag.
 24212 | Lair:1   | Noticed Amaemon
 24219 | Lair:1   | Killed Amaemon
 24525 | Lair:1   | Noticed Maggie
 24532 | Lair:1   | Killed Maggie
 25600 | Lair:2   | Was placed under penance by the Shining One
 25755 | Lair:2   | Found a staircase to the Shoals.
 26756 | D:11     | Reached XP level 14. HP: 69/85 MP: 0/0
 28082 | D:11     | Reached skill level 1 in Shields
 28098 | D:11     | Reached skill level 17 in Spellcasting
 29721 | Lair:2   | Found a hole to the Spider Nest.
 29785 | Lair:2   | Reached skill level 5 in Armour
 30794 | Lair:3   | Found the +7 great mace "Undeadhunter" {disrupt, rN+}
 30803 | Lair:3   | Identified the +8 trident "Spiderslayer" {vamp, Will+}
 31571 | Shoals:1 | Entered Level 1 of the Shoals
 32366 | Lair:4   | Found a staircase to the Slime Pits.
 32587 | Lair:4   | Identified the +4 ring mail of the Vaults {rF+ Stlth+}
 33213 | Lair:5   | Entered Level 5 of the Lair of Beasts
 33231 | Lair:5   | Reached skill level 1 in Ranged Weapons
 33906 | Lair:5   | Reached skill level 1 in Evocations
 34393 | Lair:5   | HP: 5/127 [smoke demon/divine providence (10)]
 34395 | Lair:5   | Incinerated by a smoke demon

Illustrated notes

Levels and vault maps discovered:
D:1:      dpeg_arrival_simpleton_c, layout_basic,
          chequers_ecumenical_altar_lobes
D:2:      layout_basic, chequers_serial_rivers_room_b
D:3:      layout_basic, nemelex_xobeh_ov_fountains_minmay
D:4:      minmay_diamond_boxcup, layout_rooms, minmay_temple_entry_glassed_door,
          grunt_ministairs_14, uniq_sigmund, uniq_blork_the_orc
D:5:      layout_gridville, serial_shops, shop
D:6:      layout_loops_corners
D:7:      nicolae_cairo_tiling_large_dashed, layout_loops_cross
D:8:      wander_guarded_unrand_ratskin, layout_rooms,
          grunt_temple_overflow_open, erik_lair_island, enter_bailey_2
D:9:      layout_cave_pools, mainiacjoe_overflow_divided_tiny,
          minmay_orc_entry_temple_small, serial_shops, nicolae_take_the_stairs
D:10:     layout_basic, mainiacjoe_overflow_cross_hatched
D:11:     layout_loops_ring, serial_bayou, serial_bayou_crossing,
          serial_bayou_pond_b, serial_bayou_pond_b, serial_bayou_shore_a,
          serial_bayou_ford_a
Temple:   minmay_temple_forest_path
Lair:1:   layout_regular_city, basic_altar, nicolae_lair_run_with_the_wolves,
          uniq_maggie, uniq_amaemon
Lair:2:   layout_regular_city, minmay_shoals_entry_centaurs,
          hellmonk_spider_entry_life_and_decay, columned_hall_lemuel
Lair:3:   layout_concentric_octagons, worms_lemuel
Lair:4:   layout_roguey, nicolae_slime_entry_slimehenge, lemuel_fruit_tree
Lair:5:   hellmonk_lair_end_abyssal_woods, layout_regular_city,
          nicolae_lair_grove_arrangements
Shoals:1: layout_shoals, dpeg_stationary_puzzle
Orc:1:    layout_caves, serial_shops, shop, basic_altar
Orc:2:    st_orc_ogre_mass, layout_caves
Elf:1:    eino_elf_arrival_altar, layout_onion_city, ebering_ghost_xom,
          orc_legates, kb_rosetta, uniq_asterion, uniq_kirke, uniq_azrael

Skill      XL: |  1  2  3  4  5  6  7  8  9 10 11 12 13 14 |
---------------+-------------------------------------------+-----
Spellcasting   | 3 4 5 6 7 10 13 14 15 16 17 | 17.4
Stealth        | 2 3 4 |  4.1
Fighting       | 1 2 |  2.7
Dodging        | 3 4 |  4.2
Invocations    | 2 4 6 8 |  8.9
Armour         | 2 3 4 5 |  5.8
Shields        | 1 |  1.6
Ranged Weapons | 2 |  2.0
Evocations     | 1 |  1.4

Action                   |  1- 3 |  4- 6 |  7- 9 | 10-12 | 13-15 || total
-------------------------+-------+-------+-------+-------+-------++-------
Melee: Unarmed           |     4 |       |       |       |       ||     4
       Dagger            |       |       |     2 |       |    44 ||    46
       Punch             |       |       |       |       |     2 ||     2
 Fire: Arbalest          |       |       |       |       |    67 ||    67
Throw: Boomerang         |       |       |       |       |     2 ||     2
 Cast: Foxfire           |    82 |    47 |    29 |    42 |    35 ||   235
       Scorch            |     5 |     8 |    27 |    75 |   106 ||   221
       Inner Flame       |       |     4 |    50 |    92 |   100 ||   246
       Conjure Flame     |       |     1 |     5 |     1 |     1 ||     8
       Poisonous Vapours |       |     7 |    69 |   187 |   159 ||   422
       Wereblood         |       |       |     1 |       |       ||     1
       Cause Fear        |       |       |     4 |     6 |       ||    10
       Sticky Flame      |       |       |       |     4 |     7 ||    11
       Yara's Violent Un |       |       |       |       |     3 ||     3
       Flame Wave        |       |       |       |       |     7 ||     7
       Beastly Appendage |       |       |       |       |     5 ||     5
Evoke: Wand              |       |       |     8 |     1 |     6 ||    15
  Use: Potion            |       |       |     3 |     7 |    12 ||    22
       Scroll            |       |       |     7 |     7 |    10 ||    24
Armor: Robe              |     2 |       |     9 |       |       ||    11
       Ring mail         |       |       |       |       |    58 ||    58
       Skin              |       |       |       |       |    25 ||    25
Dodge: Dodged            |     4 |     1 |    19 |    23 |    55 ||   102
Block: Other             |       |       |     7 |    13 |    30 ||    50
       Reflection        |       |       |     3 |     6 |     4 ||    13
